 Seeded DCSS version 0.30-a0-341-g682706514a (webtiles) character file.

Game seed: 6343297186996179794 (custom seed)

2517 koil the Covert (level 9, 0/45 HPs)
             Began as a Spriggan Brigand on Nov 2, 2022.
             Slain by an orc
             ... wielding a +2 dagger of holy wrath
              (6 damage)
             ... on level 6 of the Dungeon.
             The game lasted 00:21:23 (6574 turns).

koil the Covert (Spriggan Brigand)                  Turns: 6574, Time: 00:21:23

Health: 0/45       AC:  3    Str:  7    XL:     9   Next: 29%
Magic:  18/18      EV: 20    Int: 22    God:
Gold:   380        SH:  0    Dex: 16    Spells: 19/19 levels left

rFire   . . .      SeeInvis +    a - +11 rapier of Loybyuf {flame, rPois rC+ Int+5}
rCold   + . .      Faith    .    (no shield)
rNeg    . . .      Spirit   .    l - +0 robe
rPois   +          Reflect  .    (helmet restricted)
rElec   .          Harm     .    y - +0 cloak
rCorr   .          Rampage  .    (gloves unavailable)
Will    +....                    (boots unavailable)
Stlth   ++++......               (no amulet)
HPRegen 0.27/turn                (no ring)
MPRegen 0.16/turn                (no ring)

@: very quick
A: very small, no large weapons, unfitting armour, see invisible, speed 3
a: no special abilities


You were on level 6 of the Dungeon.
You visited 1 branch of the dungeon, and saw 6 of its levels.

You collected 380 gold pieces.

Inventory:

Hand Weapons
 a - the +11 rapier of Loybyuf (weapon) {flame, rPois rC+ Int+5}
   (You took it off an orc on level 3 of the Dungeon)

   It burns those it strikes, dealing additional fire damage.
   Int:       It affects your intelligence (+5).
   rC:        It protects you from cold.
   rPois:     It protects you from poison.
 u - a +2 dagger
 w - a +0 dagger of draining
 x - a +4 quarterstaff of chaos
 z - a +2 flail of protection
 A - a +3 dagger
 C - a +1 flail of protection
 D - a +1 vampiric dagger
 F - a +1 vorpal hand axe
 K - a +0 short sword of speed
 L - a +0 whip of electrocution
Missiles
 d - 32 poisoned darts
 e - 3 curare-tipped darts
Armour
 b - a +0 robe
 c - a +0 cloak
 j - an orb of energy
 l - a +0 robe (worn)
 y - a +0 cloak (worn)
 E - a +0 robe
 H - a scarf of harm
Magical Staves
 o - a staff of cold
 O - a staff of cold
Jewellery
 m - a ring of fire
 n - a ring of willpower
 t - a ring of magical power
 G - a ring of fire
Wands
 p - a wand of paralysis (15) (quivered)
Scrolls
 h - 6 scrolls of identify {unknown}
 i - 3 scrolls of teleportation {unknown}
 q - 2 scrolls of vulnerability {unknown}
 r - 2 scrolls of noise {unknown}
 s - a scroll of fear {unknown}
 v - a scroll of immolation {unknown}
 B - 5 scrolls of magic mapping {unknown}
 I - a scroll of enchant armour {unknown}
 J - a scroll of summoning
 N - a scroll of amnesia {unknown}
Potions
 f - a potion of lignification
 g - 2 potions of brilliance {unknown}
 k - a potion of haste {unknown}
 M - 2 potions of heal wounds {unknown}


   Skills:
 + Level 4.2 Fighting
 + Level 5.5 Short Blades
 - Level 2.0 Throwing
 + Level 6.4 Dodging
 + Level 9.4 Stealth
 + Level 5.6 Spellcasting
 + Level 3.3 Conjurations
 + Level 4.4 Poison Magic


You had 19 spell levels left.
You didn't know any spells.
Your spell library contained the following spells:

 Spells                   Type           Power      Damage    Failure   Level
 Olgreb's Toxic Radiance  Pois           25%        N/A       16%         4
 Ozocubu's Armour         Ice            6%         N/A       28%         3
 Summon Guardian Golem    Hex/Summ       6%         N/A       28%         3
 Metabolic Englaciation   Hex/Ice        3%         N/A       95%         5
 Simulacrum               Ice/Necr       3%         N/A       100%        6
 Orb of Destruction       Conj           10%        9d6       100%        7
 Ozocubu's Refrigeration  Ice            3%         4d8       100%        7
 Spellforged Servitor     Conj/Summ      6%         N/A       100%        7
 Ignition                 Fire           3%         3d4       100%        8


Dungeon Overview and Level Annotations

Branches:
Dungeon (6/15)
 Temple: D:4-7

Altars:
Yredelemnul


Innate Abilities, Weirdness & Mutations

You are very small and have problems with some larger weapons.
You are too small for most types of armour.
You have supernaturally acute eyesight. (SInv)
You cover ground extremely quickly. (Speed+++)


Message History

You melt the ice beast!
You kill the ice beast!
HP restored.
There is a stone staircase leading up, spattered with blood here.
You see here an adder corpse.
You now have 380 gold pieces (gained 12).
M - 2 black potions (gained 1)
An orc wizard comes into view. It is wielding a +0 dagger.
An orc comes into view.
It is wielding a +2 dagger of holy wrath and wearing a +1 leather armour of cold resistance.
An orc comes into view. It is wielding a +0 mace.
An orc priest comes into view. It is wielding a +2 dagger of freezing.
The orc priest shouts!
The orc priest calls down the wrath of Beogh upon you.
Beogh smites you!
An orc comes into view. It is wielding a +0 flail.
The orc shouts!
The orc shouts!
The orc wizard shouts!
The orc shouts!
You hit the orc wizard but do no damage.
The orc wizard points at you and mumbles some strange words.
You resist with almost no effort.
The orc priest calls down the wrath of Beogh upon you.
Beogh smites you!
You are too injured to fight recklessly!
You are too injured to fight recklessly!
You are too injured to fight recklessly!
You barely miss the orc wizard.
The orc wizard hits you but does no damage.
You hit the orc wizard. You burn the orc wizard.
The orc wizard is heavily wounded.
You puncture the orc wizard! You burn the orc wizard.
You kill the orc wizard!
You hit the orc but do no damage.
The orc hits you with a +2 dagger of holy wrath.
You barely miss the orc. The orc misses you.
The orc priest invokes the aid of Beogh against you.
Beogh smites you!
* * * LOW HITPOINT WARNING * * *
You closely miss the orc.
The orc hits you with a +2 dagger of holy wrath.
You die...

# #. ###.#####
.........
........########...
...........@oooo...
##.#.#.#########.#
#.### #.... #.#..
#..^. #.#.# #....
#.#.# #....
#.#.######### #....
#............ #....
###.##############....


You could see an orc priest and 3 orcs.

Vanquished Creatures
  Grinder (D:3)
  Prince Ribbit (D:5)
  Menkaure (D:5)
  A water moccasin (D:5)
  2 black bears
  2 ice beasts
  Pargi (D:3)
  An ogre (D:4)
  A phantom (D:5)
  A kobold brigand (D:5)
  Blork the orc (D:4)
  A necrophage (D:4)
  A scorpion (D:3)
  A howler monkey (D:5)
  A vampire bat (D:3)
  A bullfrog zombie (D:5)
  5 orc priests
  3 hounds
  2 jellies (D:5)
  Crazy Yiuf (D:3)
  Jessica (D:3)
  4 iguanas
  6 orc wizards
  6 adders
  4 gnolls (D:4)
  2 ufetubi (D:5)
  An adder zombie (D:5)
  A worm (D:3)
  3 dart slugs
  3 fire bats (D:3)
  22 orcs
  2 spectral bats (D:3)
  4 ball pythons
  3 bat skeletons (D:3)
  A bat zombie (D:3)
  4 endoplasms
  2 giant cockroaches
  7 hobgoblins
  3 jackals (D:4)
  5 quokkas
  16 bats
  A bat simulacrum (D:3)
  6 frilled lizards
  4 goblins
  23 kobolds
  4 rats
167 creatures vanquished.

Vanquished Creatures (others)
  39 plants
39 creatures vanquished.

Grand Total: 206 creatures vanquished

Notes
Turn   | Place    | Note
-------+----------+-------------------------------------------
     0 | D:1      | koil the Spriggan Brigand began the quest for the Orb.
     0 | D:1      | Reached XP level 1. HP: 10/10 MP: 2/2
   349 | D:1      | Reached XP level 2. HP: 12/15 MP: 4/4
   495 | D:1      | Reached skill level 6 in Stealth
   665 | D:2      | Reached skill level 1 in Spellcasting
  1229 | D:2      | Reached XP level 3. HP: 17/18 MP: 5/5
  1720 | D:3      | Reached skill level 1 in Poison Magic
  1737 | D:3      | Reached XP level 4. HP: 23/23 MP: 7/7
  1783 | D:3      | Reached skill level 1 in Conjurations
  1783 | D:3      | Reached XP level 5. HP: 3/26 MP: 7/9
  2049 | D:3      | Noticed Jessica
  2052 | D:3      | Killed Jessica
  2112 | D:3      | Noticed Pargi
  2120 | D:3      | Killed Pargi
  2121 | D:3      | Reached XP level 6. HP: 27/32 MP: 10/10
  2386 | D:3      | Noticed Grinder
  2404 | D:3      | Identified the +11 rapier of Loybyuf {flame, rPois rC+
                  | Int+5}
  2407 | D:3      | Found a faded altar of an unknown god.
  2952 | D:3      | Killed Grinder
  2953 | D:3      | Reached skill level 7 in Stealth
  2953 | D:3      | Reached XP level 7. HP: 33/35 MP: 12/12
  3011 | D:3      | Found a runed translucent door.
  3012 | D:3      | Noticed Crazy Yiuf
  3135 | D:3      | Killed Crazy Yiuf
  3214 | D:4      | Noticed Blork the orc
  4257 | D:4      | Reached XP level 8. HP: 31/40 MP: 14/14
  4331 | D:4      | Reached skill level 8 in Stealth
  4354 | D:4      | HP: 1/40 [orc wizard/magic dart (6)]
  4563 | D:4      | Killed Blork the orc
  4769 | D:4      | Reached skill level 5 in Dodging
  5195 | D:5      | Entered Level 5 of the Dungeon
  5384 | D:5      | Noticed Prince Ribbit
  5391 | D:5      | Killed Prince Ribbit
  5408 | D:5      | Reached skill level 5 in Short Blades
  5411 | D:5      | Reached skill level 5 in Spellcasting
  5559 | D:5      | Noticed Menkaure
  5710 | D:5      | Killed Menkaure
  5711 | D:5      | Reached skill level 9 in Stealth
  5711 | D:5      | Reached XP level 9. HP: 45/45 MP: 17/17
  5770 | D:5      | Found a basalt altar of Yredelemnul.
  6574 | D:6      | Slain by an orc

Illustrated notes

Levels and vault maps discovered:
D:1:      dpeg_arrival_rooms_c, layout_loops_ring
D:2:      layout_basic
D:3:      layout_basic, ebering_ecumenical_altar_mist, serial_forest,
          infiniplex_forest_lined_4_way, infiniplex_forest_clump_long,
          infiniplex_forest_clump_curved, infiniplex_forest_clump_medium,
          infiniplex_forest_lined_1, infiniplex_forest_clump_small,
          infiniplex_forest_lined_room_, infiniplex_forest_clump_double,
          goddamned_bats, uniq_pargi, uniq_grinder, uniq_jessica,
          uniq_crazy_yiuf_cottage
D:4:      layout_rooms, kennysheep_orc_chapel, uniq_blork_the_orc
D:5:      kennysheep_kobold_camp, layout_rooms, lemuel_zombie_altar_yredelemnul,
          serial_curves, eino_curves_02, eino_curves_02, uniq_prince_ribbit1,
          uniq_menkaure
D:6:      layout_basic, kennysheep_generic_room_14, uniq_pikel, uniq_maggie

Skill      XL: |  1  2  3  4  5  6  7  8  9 |
---------------+----------------------------+-----
Stealth        | 6 7 9 |  9.4
Spellcasting   | 1 2 3 5 |  5.6
Dodging        | 2 3 4 6 |  6.4
Poison Magic   | 1 2 3 4 |  4.4
Fighting       | 2 3 4 |  4.2
Conjurations   | 1 2 3 |  3.3
Short Blades   | 3 4 5 |  5.5
Throwing       | |  2.0

Action                   |  1- 3 |  4- 6 |  7- 9 || total
-------------------------+-------+-------+-------++-------
Melee: Dagger            |    91 |   107 |       ||   198
       Rapier            |       |     1 |   304 ||   305
       Punch             |       |       |     4 ||     4
Throw: Dart              |       |       |     1 ||     1
Evoke: Wand              |       |     1 |     6 ||     7
  Use: Potion            |       |     4 |       ||     4
 Stab: Sleeping          |    13 |    11 |     3 ||    27
       Distracted        |     1 |     1 |     1 ||     3
       Paralysed         |       |     1 |     2 ||     3
Armor: Robe              |    21 |    21 |    15 ||    57
       Skin              |       |     6 |       ||     6
Dodge: Dodged            |    73 |   103 |   233 ||   409

Table legend: (Time is in decaauts)
 A = Elapsed time spent in this place.
 B = Non-inter-level travel time spent in this place.
 C = Inter-level travel time spent in this place.
 D = Time resting spent in this place.
 E = Time spent auto-exploring this place.
 F = Levels seen in this place.
 G = Mean time per level.
                   A        B        C        D        E       F      G
               +--------+--------+--------+--------+--------+-----+--------+
         Total |   4834 |   4626 |    208 |   1108 |   2207 |   6 |  805.7 |
       Dungeon |   4834 |   4626 |    208 |   1108 |   2207 |   6 |  805.7 |
               +--------+--------+--------+--------+--------+-----+--------+

Top non-repeatable levels by time:
     D:3: 2068 daAuts
     D:5: 875 daAuts
     D:4: 795 daAuts
     D:2: 646 daAuts
     D:1: 382 daAuts
     D:6: 65 daAuts
